 Dungeon Crawl Stone Soup version 0.21.1-1-g345015f (webtiles) character file.

19 rgaf the Magician (level 2, 0/21 HPs)
             Began as a Mummy Wanderer on June 15, 2018.
             Slain by a jackal (1 damage)
             ... on level 2 of the Dungeon.
             The game lasted 00:00:53 (924 turns).

rgaf the Magician (Mummy Wanderer)                   Turns: 924, Time: 00:00:53

Health: 0/21       AC:  2    Str: 14    XL:     2   Next: 55%
Magic:  8/8        EV: 11    Int: 10    God:
Gold:   4          SH:  0    Dex: 13    Spells: 11/11 levels left

rFire    x . .     SeeInvis .   g - +0 whip
rCold    + . .     Gourm    .   (no shield)
rNeg     + + +     Faith    .   e - +0 robe
rPois    ∞         Spirit   .   (no helmet)
rElec    .         Reflect  .   (no cloak)
rCorr    .         Harm     .   (no gloves)
MR       .....                  (no boots)
Stlth    ++........             (no amulet)
HPRegen  0.07/turn              (no ring)
MPRegen  0.11/turn              (no ring)

@: no status effects
A: no food or potions, fire vulnerability, cold resistance 1, negative energy
resistance 3, torment resistance, unbreathing
a: no special abilities


You were on level 2 of the Dungeon.
You were not hungry.

You visited 1 branch of the dungeon, and saw 2 of its levels.

You collected 4 gold pieces.

Inventory:

Hand Weapons
 a - a +2 dagger
 g - a +0 whip (weapon)
Armour
 e - a +0 robe (worn)
Scrolls
 b - a scroll of fear
 d - 2 scrolls of teleportation
 f - 3 scrolls of identify {unknown}
 h - 3 scrolls of enchant armour {unknown}
Books
 c - the Incunabulum of Poisoning

   Spells                             Type                      Level
   a - Sting                          Conjuration/Poison           1
   b - Mephitic Cloud                 Conjuration/Poison/Air       3


   Skills:
 + Level 1.5 Fighting
 + Level 1.1 Armour
 - Level 1.5 Stealth
 - Level 5.3 Spellcasting
   Level 1.5 Charms
   Level 1.0 Translocations
   Level 1.0 Transmutations


You had 11 spell levels left.
You didn't know any spells.

Dungeon Overview and Level Annotations

Branches:
Dungeon (1/15)

Altars:
Nemelex Xobeh


Innate Abilities, Weirdness & Mutations

You do not eat or drink.
Your flesh is vulnerable to fire.
You are immune to poison.
Your flesh is cold resistant. (rC+)
You are immune to negative energy. (rN+++)
You are immune to unholy pain and torment.
You can survive without breathing.


Message History

You closely miss the jackal.
The jackal is severely wounded.
The jackal barely misses you. The jackal bites you.
* * * LOW HITPOINT WARNING * * *
You hit the jackal but do no damage.
The jackal is heavily wounded.
The jackal closely misses you.
You barely miss the jackal.
The jackal is heavily wounded.
The jackal barely misses you.
The jackal bites you but does no damage.
You hit the jackal.
You kill the jackal!
The jackal bites you.
* * * LOW HITPOINT WARNING * * *
You hit the jackal.
You kill the jackal!
You closely miss the jackal. The jackal barely misses you.
You closely miss the jackal. The jackal bites you.
You die...

##+# #...#
##⌠.⌠.#
#.#####h._..##
#...@hhh⌠)⌠....
#########......
#..... #.### .#
#


You could see 4 jackals.

Vanquished Creatures
  A leopard gecko (D:1)
  4 bats (D:1)
  2 hobgoblins (D:1)
  4 jackals
  2 frilled lizards (D:1)
  A goblin (D:1)
  2 kobolds (D:1)
  2 rats (D:1)
18 creatures vanquished.

Notes
Turn   | Place    | Note
-------+----------+-------------------------------------------
     0 | D:1      | rgaf the Mummy Wanderer began the quest for the Orb.
     0 | D:1      | rgaf set off with: a +2 dagger, a scroll of fear, the Incunabulum of Poisoning, a scroll of teleportation, a +0 robe
     0 | D:1      | Reached XP level 1. HP: 13/13 MP: 6/6
     6 | D:1      | Noticed a wolf
     6 | D:1      | Noticed a killer bee
     6 | D:1      | Noticed a black bear
     6 | D:1      | Noticed a black mamba
     6 | D:1      | Noticed a komodo dragon
   201 | D:1      | Reached skill level 1 in Fighting
   212 | D:1      | Reached XP level 2. HP: 8/21 MP: 8/8
   619 | D:1      | Reached skill level 1 in Armour
   901 | D:1      | You fall through a shaft!
   901 | D:2      | Found a sparkling altar of Nemelex Xobeh.
   921 | D:2      | HP: 1/21 [jackal (2)]
   924 | D:2      | Slain by a jackal

Skill      XL: |  1  2 |
---------------+-------+-----
Fighting       | 1 |  1.5
Armour         | 1 |  1.1
Stealth        | |  1.5
Spellcasting   | |  5.3
Charms         | |  1.5
Translocations | |  1.0
Transmutations | |  1.0

Action                   || total
-------------------------++-------
Melee: Dagger            ||    23
       Whip              ||    63
 Stab: Sleeping          ||     2
Armor: Robe              ||    26
Dodge: Dodged            ||    62
